 Dungeon Crawl Stone Soup version 0.19-a0-1170-g18f0c96 (webtiles) character file.

258095 seren the Brawler (level 19, -1/301 HPs)
             Began as a Troll Monk on Aug 15, 2016.
             Was a High Priest of Ashenzari.
             Slain by a wolf spider (10 damage)
             ... on level 4 of the Spider Nest on Aug 16, 2016.
             The game lasted 04:22:33 (54189 turns).

seren the Brawler (Troll Monk)                     Turns: 54189, Time: 04:22:34

Health: -1/301     AC: 32    Str: 23 (24) XL:     19   Next: 11%
Magic:  1/21       EV:  1    Int:  7 (8)  God:    Ashenzari [*****.]
Gold:   2713       SH: 16    Dex: 19      Spells: 5 memorised, 11 levels left

rFire  + . .     SeeInvis +       - Unarmed
rCold  . . .     Gourm    +     (armour currently unavailable)
rNeg   + + +     Faith    .     z - +0 shield {AC+3} (curse)
rPois  +         Spirit   .     (helmet currently unavailable)
rElec  .         Dismiss  .     (cloak currently unavailable)
rCorr  .         Reflect  +     (gloves unavailable)
MR     +....     Harm     .     (boots unavailable)
Stlth  ++........ Clarity  +    P - +4 amulet of reflection (curse) NoTele +
                                r - ring of protection from fire
                                m - +3 ring of dexterity

@: tree-form
A: unfitting armour, (claws 0), fast metabolism 3, gourmand, regeneration 2,
(shaggy fur 0), (tough skin 0)
a: Curse Item, Scrying, Transfer Knowledge, Renounce Religion
}: 2/15 runes: decaying, gossamer


You were on level 4 of the Spider Nest.
You worshipped Ashenzari.
Ashenzari was extremely pleased with you.
You were not hungry.
You were a tree.
You visited 7 branches of the dungeon, and saw 34 of its levels.
You also visited: Ossuary.

You collected 3213 gold pieces.
You spent 500 gold pieces at shops.

Inventory:

Hand Weapons
 K - the +1 long sword of the Blessed Realm {flame, Dex+6}
   (You found it on level 6 of the Dungeon)

   It has been specially enchanted to burn those struck by it, causing extra
   injury to most foes and up to half again as much damage against particularly
   susceptible opponents.
   Big, fiery blades are also staple armaments of hydra-hunters.
   It affects your dexterity (+6).
Missiles
 I - 2 throwing nets
 Z - 9 large rocks (quivered)
Armour
 j - a +2 robe of magic resistance
 q - a +1 cloak (melded)
 z - a cursed +0 shield of protection (worn)
 D - a +0 swamp dragon armour (melded)
 Q - a +2 robe of the Archmagi
Rods
 N - a +0 rod of inaccuracy (14/14)
   (You found it on level 3 of the Spider Nest)
Jewellery
 m - a +3 ring of dexterity (left branch)
 r - a ring of protection from fire (right branch)
 w - an uncursed ring of protection from cold
 G - an uncursed ring of positive energy
 P - a cursed +4 amulet of reflection (around neck)
Wands
 t - a wand of acid (10/15)
 v - a wand of lightning (6/15)
 C - a wand of confusion (23/48)
 F - a wand of disintegration (0/24)
 H - a wand of hasting (5/9)
 M - a wand of digging (1/24)
 O - a wand of iceblast (5/15)
Scrolls
 f - 13 scrolls of remove curse
 g - 7 scrolls of recharging
 k - 5 scrolls of magic mapping
 l - 4 scrolls of fog
 p - 5 scrolls of fear
 s - 2 scrolls of enchant weapon
 L - 2 scrolls of identify
 S - a scroll of amnesia
 W - 2 scrolls of holy word
Potions
 a - 2 potions of ambrosia
 e - 2 potions of berserk rage
 h - 6 potions of curing
 i - 2 potions of invisibility
 n - 6 potions of flight
 o - 2 potions of brilliance
 u - 2 potions of lignification
 A - 3 potions of resistance
 E - 2 potions of agility
 T - a potion of haste
 Y - a potion of cancellation
Books
 d - a book of Fire

   Spells                             Type                      Level
   a - Ignite Poison                  Fire/Transmutation/Poison    3
   b - Fireball                       Conjuration/Fire             5
   c - Bolt of Fire                   Conjuration/Fire             6
   d - Delayed Fireball               Conjuration/Fire             7
   e - Ring of Flames                 Charms/Fire                  7
 U - a book of Changes

   Spells                             Type                      Level
   a - Beastly Appendage              Transmutation                1
   b - Sticks to Snakes               Transmutation                2
   c - Spider Form                    Transmutation/Poison         3
   d - Ice Form                       Ice/Transmutation            4
   e - Blade Hands                    Transmutation                5
Miscellaneous
 B - a phial of floods
 R - a lamp of fire
Comestibles
 b - 16 bread rations
 c - 15 meat rations
 x - 14 fruits
 J - a beef jerky


   Skills:
 - Level 15.1 Fighting
 - Level 9.0 Throwing
 - Level 5.0 Armour
 - Level 10.1 Dodging
 - Level 1.1 Stealth
 - Level 7.5(10.2) Shields
 - Level 20.0 Unarmed Combat
 - Level 2.0 Summonings
 + Level 8.4 Transmutations
 - Level 5.0 Evocations


You had 11 spell levels left.
You knew the following spells:

 Your Spells              Type           Power        Failure   Level  Hunger
a - Beastly Appendage     Tmut           ##....       1%          1    ##.....
b - Summon Butterflies    Summ           #.......     21%         1    ##.....
c - Passwall              Tmut/Erth      #.........   14%         2    ###....
d - Swiftness             Chrm/Air       #.......     73%         2    ###....
e - Apportation           Tloc           #.........   47%         1    ##.....


Dungeon Overview and Level Annotations

Branches:
Dungeon (15/15)            Temple (1/1) D:5            Lair (6/6) D:10
  Swamp (4/4) Lair:2       Spider (4/4) Lair:3        Slime (0/5) Lair:6
    Orc (2/2) D:9             Elf (0/3) Orc:2        Vaults (2/5) D:13
 Depths (0/5) D:15
  Crypt: Vaults:2-3

Altars:
Ashenzari
Cheibriados
Dithmenos
Elyvilon
Fedhas
Gozag
Hepliaklqana
Kikubaaqudgha
Makhleb
Nemelex Xobeh
Okawaru
Pakellas
Qazlal
Ru
Sif Muna
Trog
Uskayaw
Vehumet
Xom
Yredelemnul
Zin
The Shining One
Jiyva

Shops:
D:10 %   Orc:2 !%:[

Portals:
Pandemonium: Orc:2

Annotations:
D:8 Dirtsage's ghost, novice MfGl
D:11 !urug axe of distortion, Urug
Lair:6 demon forest to do, exclusion: 2 doors, Rupert
Swamp:1 exclusion: Roxanne, Roxanne
Vaults:1 exclusions: orange crystal statue and wizard
Vaults:2 Margery


Innate Abilities, Weirdness & Mutations

You are too large for most types of armour.
((You have claws for hands.))
Your metabolism is lightning-fast.
You like to eat raw meat.
You heal very quickly.
((You are covered in fur. (AC +1)))
((You have very tough skin. (AC +2)))


Message History

You are too injured to fight recklessly!
You are too injured to fight recklessly!
You are too injured to fight recklessly!
You are too injured to fight recklessly!
You are too injured to fight recklessly!
Your magical effects are unravelling.
You feel magically purged.
You are no longer corroded.
The wolf spider hits you!
* * * LOW HITPOINT WARNING * * *
The wolf spider barely misses you.
The wolf spider hits you but does no damage.
The wolf spider bites you but does no damage.
You turn into a tree.
Your +1 cloak melds into your body.
Your +0 swamp dragon armour melds into your body.
Your roots penetrate the ground.
You shred the web into pieces!
The wolf spider hits you but does no damage.
You block the wolf spider's attack. The wolf spider hits you!
You die...

.. #..#....#...#
#.....##.....^....^.
#.....#...........^^
#................^^#
#......s..^.......##
*.........^......##.
#.............^##..
#..s^.....†..(.#...
*#♣####...†....#..#
* ###...........####
*, .....#.###†..##..
* ,.........#<..##..
,,..........^...#†.
* #.............'.†
###.........^.'..
##...........'..
##.....#......#..


You could see a wolf spider and a jumping spider.

Vanquished Creatures
  Saint Roka (Orc:2)
  Arachne (Spider:4)
  Kirke (D:12)
  Donald (Swamp:2)
  An orc warlord (D:9)
  9 ghost moths
  A vault warden (Vaults:1)
  Aizul (Spider:1)
  6 emperor scorpions
  4 ironheart preservers
  An entropy weaver (Spider:1)
  A very ugly thing (Swamp:4)
  3 spark wasps
  A dire elephant (Lair:6)
  Snorg (D:14)
  2 fire dragons
  Erolcha (D:9)
  Josephine (Orc:1)
  6 centaur warriors
  21 hydras
  2 ice dragons (Vaults:1)
  2 ghost crabs
  8 alligators
  A deep troll shaman (D:13)
  A death knight (Vaults:1)
  2 tengu warriors
  12 death yaks
  6 orc high priests
  A spriggan berserker (Swamp:4)
  Nergalle (D:12)
  2 deep elf knights (Vaults:1)
  6 spriggans
  3 skeletal warriors (D:15)
  2 sixfirhies (Orc:2)
  12 swamp dragons
  2 giant orange brains (Vaults:1)
  6 deep trolls
  A spriggan druid (Swamp:3)
  2 infernal demonspawn (Orc:2)
  4 unseen horrors
  5 hill giants
  3 shambling mangroves
  A torturous demonspawn (Orc:2)
  Pikel (D:3)
  10 orc knights
  5 ironbrand convokers
  A necromancer (Vaults:1)
  5 hornets
  25 orb spiders
  12 ugly things
  13 orc sorcerers
  28 wolf spiders
  3 cyclopes (D:15)
  4 griffons
  6 manticores
  5 elephants (Lair:6)
  4 deep elf magi
  4 vault sentinels
  A frost giant skeleton (Vaults:1)
  Maurice (D:13)
  5 black mambas
  An orange demon (Orc:2)
  3 centaur zombies
  4 torpor snails
  11 spiny frogs
  A rime drake (Lair:6)
  An efreet (D:14)
  5 yaktaurs
  7 komodo dragons
  23 demonic crawlers
  A harpy zombie (D:11)
  9 trolls
  A yaktaur skeleton (Vaults:1)
  29 jumping spiders
  A merfolk (D:9)
  A meliai (shapeshifter) (Vaults:1)
  A queen bee (Lair:5)
  2 meliai
  A tengu conjurer (D:15)
  25 blink frogs
  13 bog bodies
  12 slime creatures
  A boulder beetle (Spider:2)
  66 yaks
  A wyvern (D:13)
  4 shadows
  46 tarantellas
  Sigmund (D:4)
  2 vampires
  107 redbacks
  7 wraiths
  Eustachio (D:6)
  Grum (D:9)
  2 basilisks
  16 humans (D:13)
  A neqoxec (Orc:2)
  A hungry ghost (D:13)
  27 vampire mosquitoes
  A yaktaur simulacrum (Vaults:2)
  3 chaos spawn (Orc:2)
  2 mottled dragons (Vaults:1)
  3 wargs
  14 hippogriffs
  4 insubstantial wisps (Swamp:3)
  A steam dragon (D:9)
  A deep troll zombie (Vaults:1)
  A soldier ant (D:14)
  Edmund (D:4)
  29 swamp worms
  15 water moccasins
  An eye of draining (D:13)
  10 porcupines
  11 swamp drakes
  5 ice beasts
  A slave (D:4)
  2 black bears
  55 orc warriors
  16 wasps
  21 ogres
  2 sky beasts
  An ettin simulacrum (Vaults:1)
  3 necrophages
  5 phantoms
  7 centaurs
  17 wolves
  17 crocodiles
  An elf zombie (Ossuary)
  A big kobold (D:11)
  16 giant frogs
  A wyvern zombie (D:11)
  A water moccasin zombie (D:6)
  3 scorpions
  A water moccasin skeleton (D:11)
  A human simulacrum (Vaults:1)
  34 killer bees
  17 wights
  An electric eel (Lair:2)
  7 howler monkeys
  8 crimson imps
  A wasp zombie (D:13)
  2 quasits
  5 hounds
  3 jellies
  10 centaur skeletons
  A gnoll shaman (D:9)
  3 human zombies
  33 orc priests
  Ijyb (D:3)
  A giant frog skeleton (D:9)
  30 orc wizards
  13 iguanas
  11 worker ants
  5 sheep (Lair:6)
  2 big kobold zombies (Ossuary)
  A hound zombie (D:5)
  2 mummies (Ossuary)
  A worker ant zombie (D:9)
  15 adders
  8 gnolls
  32 river rats
  3 shadow imps
  An ooze (D:1)
  2 adder zombies
  2 adder skeletons (D:4)
  4 worms
  6 dart slugs
  5 giant geckos
  107 orcs
  A ball python (D:2)
  5 giant cockroaches
  20 goblins
  4 hobgoblins
  9 jackals
  3 quokkas
  9 bats
  A giant gecko zombie (D:5)
  6 giant newts
  2 gnoll zombies (Ossuary)
  4 goblin zombies (Ossuary)
  2 hobgoblin zombies (Ossuary)
  9 kobolds
  2 orc zombies (Ossuary)
  2 rats (D:1)
  A fungus (Lair:5)
  A plant (Lair:6)
1450 creatures vanquished.

Vanquished Creatures (others)
  2 spriggans (Swamp:3)
  A griffon (Vaults:2)
  A cyclops (D:11)
  A yaktaur (Vaults:1)
  A tengu conjurer (D:13)
  A giant leech (Swamp:3)
  A tarantella (Spider:1)
  An orc warrior (Orc:2)
  2 wasps (Swamp:3)
  2 slaves (D:4)
  A bush (D:10)
  25 fungi
  16 plants
55 creatures vanquished.

Grand Total: 1505 creatures vanquished

Notes
Turn   | Place    | Note
-------+----------+-------------------------------------------
     0 | D:1      | seren the Troll Monk began the quest for the Orb.
     0 | D:1      | Reached XP level 1. HP: 22/22 MP: 0/0
   175 | D:1      | Reached XP level 2. HP: 29/29 MP: 1/1
   398 | D:1      | Reached skill level 4 in Unarmed Combat
   706 | D:2      | Reached XP level 3. HP: 27/36 MP: 2/2
  1062 | D:2      | Found a faded altar of an unknown god.
  1078 | D:2      | Reached XP level 4. HP: 43/44 MP: 3/3
  1135 | D:2      | Reached skill level 5 in Unarmed Combat
  1393 | D:3      | Noticed Ijyb
  1407 | D:3      | Killed Ijyb
  1412 | D:3      | Reached XP level 5. HP: 49/50 MP: 4/4
  1579 | D:3      | Found a bloodstained altar of Trog.
  1788 | D:3      | Found a basalt altar of Yredelemnul.
  1863 | D:3      | Reached skill level 6 in Unarmed Combat
  1954 | D:4      | Noticed a phantom
  1956 | D:4      | Noticed a phantom
  1979 | D:4      | Killed a phantom
  2012 | D:4      | Killed a phantom
  2012 | D:4      | Reached skill level 7 in Unarmed Combat
  2012 | D:4      | Reached XP level 6. HP: 54/59 MP: 5/5
  2054 | D:4      | Found a blossoming altar of Fedhas.
  2061 | D:4      | Found a sand-covered staircase.
  2062 | D:4      | Noticed Edmund
  2070 | Ossuary  | Entered an ossuary
  2178 | Ossuary  | Reached skill level 8 in Unarmed Combat
  2178 | Ossuary  | Reached XP level 7. HP: 63/66 MP: 6/6
  2263 | D:4      | Killed Edmund
  2418 | D:4      | Reached skill level 9 in Unarmed Combat
  2616 | D:4      | Noticed Pikel
  2627 | D:4      | Noticed Sigmund
  2669 | D:3      | Killed Pikel
  2669 | D:3      | Reached skill level 10 in Unarmed Combat
  2669 | D:3      | Reached XP level 8. HP: 24/74 MP: 7/7
  2967 | D:5      | Entered Level 5 of the Dungeon
  3098 | D:5      | Found a staircase to the Ecumenical Temple.
  3116 | Temple   | Entered the Ecumenical Temple
  3186 | Temple   | Became a worshipper of Ashenzari the Shackled
  3186 | Temple   | Reached * piety under Ashenzari
  3186 | Temple   | Reached ** piety under Ashenzari
  3589 | D:5      | Found a glowing silver altar of Zin.
  3628 | D:5      | Found a shimmering altar of Xom.
  3628 | D:5      | Noticed an angel
  4133 | D:6      | Noticed Eustachio
  4149 | D:6      | Killed Eustachio
  4170 | D:6      | Reached XP level 9. HP: 79/84 MP: 8/8
  4486 | D:6      | Reached skill level 5 in Fighting
  4486 | D:6      | Reached skill level 5 in Dodging
  5112 | D:7      | Found a deep blue altar of Sif Muna.
  5788 | D:7      | Reached *** piety under Ashenzari
  6103 | D:8      | Noticed Dirtsage's ghost (novice MfGl)
  6240 | D:8      | Found a burning altar of Makhleb.
  6683 | D:8      | Found a radiant altar of Vehumet.
  7131 | D:9      | Found a snail-covered altar of Cheibriados.
  7351 | D:9      | Noticed a merfolk
  7361 | D:9      | Killed a merfolk
  7361 | D:9      | Reached XP level 10. HP: 50/100 MP: 9/9
  7922 | D:9      | Noticed Grum
  7942 | D:9      | HP: 1/102 [Grum/spear (20)]
  7943 | D:9      | Killed Grum
  8223 | D:9      | Noticed Erolcha
  8224 | D:10     | Entered Level 10 of the Dungeon
  8603 | D:10     | Noticed a griffon
  8681 | D:10     | Killed a griffon
  8724 | D:10     | Noticed a hill giant
  8830 | D:10     | Reached XP level 11. HP: 105/113 MP: 10/10
  8844 | D:10     | Reached skill level 11 in Unarmed Combat
  8942 | D:10     | Found a staircase to the Lair.
  8981 | Lair:1   | Entered Level 1 of the Lair of Beasts
  9396 | D:10     | Found a shimmering altar of Xom.
  9487 | D:10     | Found Huon's Food Shop.
  9546 | D:10     | Reached **** piety under Ashenzari
  9708 | D:10     | Noticed a hill giant
  9724 | D:10     | Killed a hill giant
 10231 | D:10     | Killed a hill giant
 10451 | D:11     | Noticed a hill giant
 10468 | D:11     | Killed a hill giant
 10571 | D:11     | Reached skill level 5 in Throwing
 10907 | D:11     | Noticed Urug
 12395 | Lair:2   | Reached skill level 12 in Unarmed Combat
 12421 | Lair:2   | Found a burning altar of Makhleb.
 12423 | Lair:2   | Reached XP level 12. HP: 105/122 MP: 11/11
 12470 | Lair:2   | Noticed a five-headed hydra
 12705 | Lair:2   | Learned a level 1 spell: Apportation
 12752 | Lair:2   | Reached ***** piety under Ashenzari
 12954 | Lair:2   | Found a staircase to the Swamp.
 14197 | Lair:3   | Reached skill level 13 in Unarmed Combat
 14400 | Lair:3   | Found a hole to the Spider Nest.
 16064 | Lair:5   | Upgraded the game from 0.19-a0-1168-g98094fc to 0.19-a0-1170-g18f0c96
 16198 | Lair:5   | Reached XP level 13. HP: 48/132 MP: 12/12
 17314 | Lair:6   | Entered Level 6 of the Lair of Beasts
 17360 | Lair:5   | Reached skill level 14 in Unarmed Combat
 17599 | Lair:6   | Noticed Rupert
 18016 | Lair:1   | Learned a level 1 spell: Summon Butterflies
 18244 | D:11     | Reached skill level 10 in Fighting
 18482 | D:12     | Noticed Nergalle
 19393 | D:4      | Found a burning altar of Makhleb.
 19393 | D:4      | Noticed a cacodemon
 19494 | D:4      | Killed Sigmund
 19937 | D:9      | Killed Erolcha
 19937 | D:9      | Reached skill level 1 in Evocations
 19954 | D:9      | Gained mutation: You possess an exceptional clarity of mind. [potion of beneficial mutation]
 19975 | D:9      | Found a staircase to the Orcish Mines.
 19997 | Orc:1    | Entered Level 1 of the Orcish Mines
 20394 | D:9      | Lost mutation: You possess an exceptional clarity of mind. [potion of cure mutation]
 21065 | Orc:1    | Noticed Josephine
 21082 | Orc:2    | Entered Level 2 of the Orcish Mines
 21119 | Orc:2    | Noticed Saint Roka
 21192 | Orc:1    | Killed Josephine
 21347 | Orc:1    | Noticed an orc warlord
 21779 | D:12     | Killed Nergalle
 21948 | D:13     | Found a gate to the Vaults.
 22036 | D:13     | Reached skill level 5 in Evocations
 22283 | D:13     | Noticed Maurice
 22297 | D:13     | Killed Maurice
 22389 | D:13     | Reached skill level 15 in Unarmed Combat
 22794 | D:6      | Got the long sword of the Blessed Realm {flame, Dex+6}
 22795 | D:6      | Identified the +1 long sword of the Blessed Realm {flame, Dex+6} (You found it on level 6 of the Dungeon)
 23617 | Lair:5   | Reached XP level 14. HP: 97/143 MP: 16/16
 24476 | Lair:6   | Reached skill level 10 in Dodging
 24743 | D:9      | HP: 6/214 [orc warlord/broad axe (11)]
 24744 | D:9      | Killed an orc warlord
 25011 | Orc:1    | Reached skill level 1 in Shields
 27260 | D:14     | Reached skill level 5 in Shields
 27323 | D:14     | Noticed Snorg
 27338 | D:14     | Killed Snorg
 28777 | D:15     | Entered Level 15 of the Dungeon
 29127 | D:15     | Reached skill level 1 in Summonings
 29479 | D:15     | Reached XP level 15. HP: 146/152 MP: 17/17
 29519 | D:15     | Found a staircase to the Depths.
 29519 | D:15     | Noticed a frost giant
 29755 | D:15     | frost giant
 30475 | Swamp:1  | Entered Level 1 of the Swamp
 30814 | Swamp:1  | Noticed Roxanne
 32214 | Swamp:2  | Noticed Donald
 32978 | Swamp:4  | Entered Level 4 of the Swamp
 34271 | Swamp:4  | Reached skill level 1 in Armour
 35330 | Spider:1 | Entered Level 1 of the Spider Nest
 35656 | Spider:1 | Noticed Aizul
 35802 | Spider:1 | Reached skill level 5 in Armour
 35944 | Spider:1 | Reached XP level 16. HP: 156/169 MP: 18/18
 36594 | Spider:1 | Killed Aizul
 36992 | Spider:1 | Reached ****** piety under Ashenzari
 38823 | Lair:6   | Found a staircase to the Slime Pits.
 38825 | Lair:6   | Found a viscous altar of Jiyva.
 39283 | Lair:6   | Reached skill level 15 in Fighting
 39455 | Lair:1   | Learned a level 2 spell: Passwall
 39458 | Lair:1   | Learned a level 2 spell: Swiftness
 39923 | Orc:2    | Found Xeumaon's Food Shoppe.
 39923 | Orc:2    | Found Vehiaguh's Distillery.
 39977 | Orc:2    | Found a staircase to the Elven Halls.
 40500 | Orc:2    | Found a one-way gate leading to the halls of Pandemonium.
 40502 | Orc:2    | Found Qeffekae's Antique Armour Boutique.
 41809 | Swamp:4  | Got a decaying rune of Zot
 42088 | Swamp:2  | Reached XP level 17. HP: 177/184 MP: 19/19
 42270 | Swamp:2  | Reached skill level 16 in Unarmed Combat
 42410 | Swamp:2  | Killed Donald
 43915 | D:12     | Noticed Kirke
 43928 | D:12     | Killed Kirke
 44463 | Orc:2    | Found Vevyag's Book Shop.
 44724 | Vaults:1 | Entered Level 1 of the Vaults
 45070 | Vaults:1 | Reached skill level 17 in Unarmed Combat
 46766 | D:13     | Reached skill level 18 in Unarmed Combat
 48127 | Vaults:2 | Noticed Margery
 49050 | Orc:2    | Killed Saint Roka
 49410 | Orc:2    | Reached skill level 19 in Unarmed Combat
 49449 | Orc:2    | Reached XP level 18. HP: 186/193 MP: 20/20
 49525 | Orc:2    | Paralysed by an orc sorcerer for 6 turns
 49650 | Orc:2    | Bought a book of Changes for 400 gold pieces
 49652 | Orc:2    | Learned a level 1 spell: Beastly Appendage
 49701 | Orc:2    | Bought a meat ration for 50 gold pieces
 49701 | Orc:2    | Bought a meat ration for 50 gold pieces
 50724 | Spider:3 | Identified a scroll of acquirement
 51088 | Spider:3 | Reached skill level 20 in Unarmed Combat
 51115 | Spider:3 | Reached skill level 1 in Transmutations
 51990 | Spider:4 | Entered Level 4 of the Spider Nest
 52165 | Spider:4 | Noticed Arachne
 52396 | Spider:4 | Killed Arachne
 52396 | Spider:4 | Reached skill level 5 in Transmutations
 53391 | Spider:4 | Got a gossamer rune of Zot
 53762 | Spider:4 | Reached XP level 19. HP: 189/201 MP: 15/21
 54149 | Spider:4 | HP: 2/201 [redback (15)]
 54155 | Spider:4 | HP: 1/201 [poisoned by a ghost moth]
 54169 | Spider:4 | HP: 4/201 [tarantella (15)]
 54187 | Spider:4 | HP: 5/201 [wolf spider (14)]
 54189 | Spider:4 | Slain by a wolf spider

Vault maps used:
D:1:      noname_arrival_rooms_in_the_neighbourhood
D:2:      ecumenical_altar_1
D:3:      kennysheep_the_goblin_king, lemuel_round_altar, old_standard_altar
D:4:      old_standard_altar, makhleb_altar_promises_db, first_bread,
          nicolae_ossuary_entry_monument, uniq_edmund, uniq_sigmund, uniq_pikel
D:5:      grunt_temple_overflow_order_and_chaos_1, serial_bayou,
          serial_bayou_shore_b, serial_bayou_pond_d, serial_bayou_shore_a,
          serial_bayou_ford_a, serial_bayou_lagoon_b,
          hangedman_decor_clover_reticule, minmay_misc_feat_rugged
D:6:      uniq_eustachio
D:7:      lemuel_crystal_altar
D:8:      lemuel_coloured_pillars_altar, basic_altar
D:9:      cheibrodos_worm_habitat, david_orc_4, hangedman_fish_farm, uniq_grum,
          uniq_erolcha
D:10:     minmay_lair_entry_grove, basic_altar, serial_shops, kennysheep_mini
D:11:     hangedman_abyss_or_decor_passed, uniq_urug
D:12:     uniq_kirke, uniq_nergalle
D:13:     david_vaults_3, uniq_maurice
D:14:     glass_columns_c, uniq_snorg
D:15:     grunt_enter_depths_snipers, corexii_hall_statues_x
Temple:   nicolae_temple_figure_eight
Lair:1:   beast_lair_carwin_large_2
Lair:2:   nicolae_swamp_entry_splash_gauntlet, basic_altar,
          beast_lair_carwin_11, grunt_megastairs_3, lemuel_fruit_tree
Lair:3:   nicolae_spider_entry_tight_spaces, grunt_megastairs_4
Lair:5:   minmay_holes
Lair:6:   evil_forest, slime_altar_1, special_room, uniq_rupert
Swamp:1:  evilmike_swamp_ruin_rubble_2, uniq_roxanne
Swamp:2:  serial_swamp_ruin, evilmike_swamp_ruin_house_5,
          evilmike_swamp_ruin_house_3, evilmike_swamp_ruin_house_4, uniq_donald
Swamp:3:  hangedman_swamp_lotus
Swamp:4:  swamp_basic_johnstein
Spider:1: uniq_aizul
Spider:3: spider_trap
Spider:4: johnstein_spider_rune_arachne_lair
Orc:1:    uniq_josephine
Orc:2:    pf_orc_diabolical, lightli_volcano_entry_magma_tube, uniq_saint_roka
Vaults:1: vaults_room_door_hall, vaults_dpeg_hooks,
          vaults_room_grunt_arrival_ludios, hangedman_vaults_pinch,
          nicolae_vaults_little_squares_1, nicolae_vaults_little_squares_2,
          nicolae_vaults_statue_guard
Vaults:2: dpeg_vaults_monster_box, vaults_standard_mumra_enter_the_diamond,
          v_misc_33, ontoclasm_vaults_loading_screen, v_misc_9,
          ontoclasm_vaults_ligature, nicolae_vaults_yaktaur_gun_rack,
          vaults_mumra_minichess, vaults_room_pool, vaults_room_fancy_cross,
          nicolae_vaults_rhombus_5, serial_shops, shop, uniq_mennas,
          uniq_margery
Ossuary:  minmay_ossuary_gauntlet

Skill      XL: |  1  2  3  4  5  6  7  8  9 10 11 12 13 14 15 16 17 18 19 |
---------------+----------------------------------------------------------+-----
Unarmed Combat | 4 5 7 8 10 12 13 15 19 20 | 20.0
Dodging        | 4 6 8 9 10 | 10.1
Fighting       | 4 6 8 9 10 13 15 | 15.1
Throwing       | 7 8 9 |  9.0
Evocations     | 5 |  5.0
Shields        | 7 |  7.5
Summonings     | 2 |  2.0
Armour         | 5 |  5.0
Transmutations | 7 8 |  8.4
Stealth        | |  1.1

Action                   |  1- 3 |  4- 6 |  7- 9 | 10-12 | 13-15 | 16-18 | 19-21 || total
-------------------------+-------+-------+-------+-------+-------+-------+-------++-------
Melee: Unarmed           |    70 |   165 |   315 |   806 |  1440 |  2172 |    72 ||  5040
       Punch             |       |     5 |    13 |    67 |    82 |       |       ||   167
       Whip              |       |       |       |       |    44 |       |       ||    44
       Long sword        |       |       |       |       |   136 |    91 |       ||   227
       Kick              |       |       |       |       |       |     6 |       ||     6
       Headbutt          |       |       |       |       |       |       |     4 ||     4
 Fire: Blowgun           |       |       |       |     5 |     9 |    15 |       ||    29
Throw: Stone             |       |       |     4 |       |       |       |       ||     4
       Tomahawk          |       |       |       |     5 |    52 |       |       ||    57
       Large rock        |       |       |       |       |     3 |    71 |     7 ||    81
 Cast: Beastly Appendage |       |       |       |       |       |     2 |     1 ||     3
Invok: Scrying           |       |       |       |       |     5 |     8 |       ||    13
       Curse Item        |       |       |       |       |     2 |       |       ||     2
Evoke: Wand              |       |       |       |     4 |    12 |    10 |     2 ||    28
       Lamp of fire      |       |       |       |       |     3 |     1 |       ||     4
       Sack of spiders   |       |       |       |       |     1 |       |       ||     1
  Use: Scroll            |       |       |    10 |     8 |    27 |    16 |     2 ||    63
       Potion            |       |       |     1 |     3 |     6 |     4 |     3 ||    17
 Stab: Sleeping          |     2 |     2 |     6 |     1 |     8 |       |       ||    19
       Distracted        |       |       |     1 |       |     7 |     1 |       ||     9
       Invisible         |       |       |       |     2 |       |       |       ||     2
       Confused          |       |       |       |       |     1 |       |       ||     1
       Held in net/web   |       |       |       |       |     1 |       |       ||     1
  Eat: Chunk             |    15 |     9 |    49 |    75 |   177 |   137 |     2 ||   464
       Meat ration       |       |       |       |     1 |       |     3 |       ||     4
       Beef jerky        |       |       |       |       |     4 |       |       ||     4
       Fruit             |       |       |       |       |     2 |     2 |       ||     4
       Bread ration      |       |       |       |       |       |     2 |       ||     2
Armor: Robe              |    19 |    58 |    64 |    91 |   218 |    40 |       ||   490
       Skin              |       |       |       |     8 |     3 |       |     1 ||    12
       Swamp dragon armo |       |       |       |       |    64 |   527 |    22 ||   613
Dodge: Dodged            |    38 |    82 |   136 |   533 |   952 |  1064 |    44 ||  2849
Block: Shield            |       |       |       |       |   593 |  1756 |    71 ||  2420
       Reflection        |       |       |       |       |       |    39 |       ||    39
